 Dungeon Crawl Stone Soup version 0.30-a0-1074-g5db6f66fbb (webtiles) character file.

Game seed: 358620971067716716

4128 Dittersdorf the Blocker (level 10, -5/65 HPs)
             Began as a Gargoyle Fighter on Apr 13, 2023.
             Was an Elder of Okawaru.
             Slain by Gastronok (16 damage)
             ... on level 8 of the Dungeon.
             The game lasted 00:12:38 (8314 turns).

Dittersdorf the Blocker (Gargoyle Fighter)          Turns: 8314, Time: 00:12:39

Health: -5/65      AC: 24    Str: 24    XL:     10   Next: 27%
Magic:  10/10      EV:  8    Int:  9    God:    Okawaru [****..]
Gold:   388        SH:  5    Dex:  9    Spells: 9/9 levels left

rFire   . . .      SeeInvis .    B - +3 flail (heavy)
rCold   . . .      Faith    .    c - +0 buckler
rNeg    + + .      Spirit   .    m - +0 chain mail
rPois   ∞          Reflect  .    y - +2 hat
rElec   +          Rampage  .    (no cloak)
rCorr   .                        C - +1 pair of gloves
Will    .....                    l - +0 pair of boots Stlth
                                 (no amulet)
HPRegen 0.30/turn                k - ring of flight
MPRegen 0.12/turn                s - ring of positive energy

@: flying
A: sickness immunity, AC +7, negative energy resistance 1, electricity
resistance, torment resistance 1, petrification resistance
a: Renounce Religion, Heroism, Finesse


You were on level 8 of the Dungeon.
You worshipped Okawaru.
Okawaru was greatly pleased with you.
You visited 1 branch of the dungeon, and saw 8 of its levels.
You also visited: Ossuary.

You collected 388 gold pieces.

Inventory:

Hand Weapons
 B - a +3 heavy flail (weapon)
Missiles
 i - 16 poisoned darts (quivered)
Armour
 c - a +0 buckler (worn)
 l - a +0 pair of boots (worn)
 m - a +0 chain mail (worn)
 r - a +0 helmet
 y - a +2 hat (worn)
 C - a +1 pair of gloves (worn)
Jewellery
 k - a ring of flight (left hand)
 s - a ring of positive energy (right hand)
Wands
 a - a wand of quicksilver (7)
 A - a wand of flame (29)
Scrolls
 e - 3 scrolls of fog
 j - 2 scrolls of enchant weapon
 t - a scroll of identify
 u - 3 scrolls of teleportation
 v - a scroll of magic mapping
Potions
 b - 2 potions of flight
 d - 2 potions of might
 f - a potion of invisibility
 g - 8 potions of heal wounds
 h - 2 potions of cancellation
 n - 5 potions of haste
 o - 3 potions of ambrosia
 p - 3 potions of curing
 q - 2 potions of brilliance
 w - a potion of magic
 z - 3 potions of mutation


   Skills:
 + Level 8.7 Fighting
 + Level 7.6 Maces & Flails
 + Level 8.6 Armour
 + Level 8.7 Shields


You had 9 spell levels left.
You didn't know any spells.
Your spell library contained the following spells:

 Spells                   Type           Power      Damage    Failure   Level
 Magic Dart               Conj           0%         1d3       92%         1
 Searing Ray              Conj           0%         2d4       98%         2
 Wereblood                Tmut           0%         N/A       98%         2
 Dazzling Flash           Conj/Hex       0%         N/A       100%        3
 Fulminant Prism          Conj/Hex       0%         3d5       100%        4
 Agony                    Necr           0%         N/A       100%        5
 Silence                  Hex/Air        0%         N/A       100%        5
 Summon Small Mammal      Summ           Unusable   N/A       N/A         1
 Sublimation of Blood     Necr           Unusable   N/A       N/A         2
 Call Canine Familiar     Summ           Unusable   N/A       N/A         3
 Summon Guardian Golem    Hex/Summ       Unusable   N/A       N/A         3
 Summon Hydra             Summ           Unusable   N/A       N/A         7

Dungeon Overview and Level Annotations

Branches:
Dungeon (8/15)             Temple (0/1) D:6            Lair (0/5) D:8
Ossuary (visited)

Altars:
Cheibriados
Elyvilon
Gozag
Hepliaklqana
Kikubaaqudgha
Makhleb
Nemelex Xobeh
Okawaru
Uskayaw
Xom
Yredelemnul
The Shining One

Shops:
D:5 *

Annotations:
D:8 Gastronok, Joseph


Innate Abilities, Weirdness & Mutations

You are immune to sickness and miasma.
Your stone body is resilient. (AC +7)
You are immune to poison.
You resist negative energy. (rN+)
You are resistant to electric shocks. (rElec)
You are resistant to unholy torment.
You are immune to petrification.


Message History

Aim: Gastronok, wearing a +0 hat of see invisible (93% to hit)
You throw a poisoned dart. The poisoned dart hits Gastronok.
Gastronok is poisoned.
Throw: 19 darts (poison)
Press: ? - help, Q - select action, (/) - cycle Shift-Dir - straight line, f/p - Gastronok
Aim: Gastronok, wearing a +0 hat of see invisible (lightly wounded, poisoned, 93% to hit)
You throw a poisoned dart. The poisoned dart hits Gastronok.
Gastronok is lightly wounded.
The yak bellows!
You bludgeon Gastronok!!
Gastronok is moderately wounded.
Gastronok barely misses you.
You bludgeon Gastronok!!
Gastronok is moderately wounded.
Gastronok bites you!
You sock Gastronok!
Gastronok is heavily wounded.
Gastronok waves his eye-stalks in wide circles.
The air twists around and strikes you!
You sock Gastronok!
Gastronok is heavily wounded.
You hit Gastronok.
Gastronok is heavily wounded.
Gastronok bites you!
* * * LOW HITPOINT WARNING * * *
Gastronok looks more healthy.
Gastronok gurgles, "A snack!
A snack!"
Throw: 18 darts (poison)
Press: ? - help, Q - select action, (/) - cycle Shift-Dir - straight line, f/p - Gastronok
Aim: Gastronok, wearing a +0 hat of see invisible (heavily wounded, 93% to hit)
You throw a poisoned dart. The poisoned dart hits Gastronok.
Gastronok is poisoned.
Gastronok is heavily wounded.
Throw: 17 darts (poison)
Press: ? - help, Q - select action, (/) - cycle Shift-Dir - straight line, f/p - Gastronok
Aim: Gastronok, wearing a +0 hat of see invisible (heavily wounded, poisoned, 93% to hit)
You throw a poisoned dart. The poisoned dart hits Gastronok.
Gastronok is heavily wounded.
Gastronok bites you!
You die...

. #[.# #>......# . .. #..#
####...## # ... #..# ###..)#...#
#..# #..# ###...#####...
...##..# #..####...#...#####.
.8..+#..######..##(..#####...###
8.8.. #.........)YY#.# ###...##
._.8. ###...#..#w###.# ###...
8.8..##........#@# #.# ###.
.8..##...####.##.# #.# ##
##..#####...#.# #.# #
##...........#.# #.#
###..#######...#.# #.# .#..##
...##.# .#.## #.####.# ...# #.
#.# #.### #. #.#


You could see Gastronok (poisoned) and a yak.

Vanquished Creatures
  Pikel (D:7)
  Psyche (D:8)
  Prince Ribbit (D:5)
  A hornet (D:7)
  Sigmund (D:2)
  Eustachio (D:6)
  A yak (D:8)
  2 steam dragons
  Edmund (D:6)
  2 water moccasins
  An ice beast (D:6)
  2 black bears
  An ogre (D:7)
  A lemure (D:7)
  A kobold brigand (D:4)
  3 bullfrogs
  4 scorpions
  A howler monkey (D:6)
  A centaur zombie (Ossuary)
  A human zombie (Ossuary)
  2 jellies
  3 hounds
  7 orc priests
  3 iguanas
  Jessica (D:2)
  Terence (D:2)
  5 orc wizards
  A sleepcap (D:4)
  6 mummies (Ossuary)
  13 adders
  7 gnolls
  A shadow imp (D:7)
  2 ufetubi
  2 dart slugs (D:2)
  31 orcs
  9 ball pythons
  4 bats (D:1)
  11 endoplasms
  6 giant cockroaches
  11 hobgoblins
  7 jackals
  3 quokkas
  3 frilled lizards
  A gnoll zombie (Ossuary)
  8 goblins
  A goblin zombie (Ossuary)
  A hobgoblin zombie (Ossuary)
  9 kobolds
  A kobold zombie (Ossuary)
  2 orc zombies (Ossuary)
  5 rats
195 creatures vanquished.

Notes
Turn   | Place    | Note
-------+----------+-------------------------------------------
     0 | D:1      | Dittersdorf the Gargoyle Fighter began the quest for the
                  | Orb.
     0 | D:1      | Reached XP level 1. HP: 14/14 MP: 1/1
   115 | D:1      | Reached XP level 2. HP: 5/19 MP: 2/2
   607 | D:1      | Reached XP level 3. HP: 23/23 MP: 3/3
   998 | D:2      | Reached XP level 4. HP: 28/29 MP: 4/4
  1116 | D:2      | Noticed Jessica
  1130 | D:2      | Killed Jessica
  1278 | D:2      | Found an opulent altar of Gozag.
  1300 | D:2      | Noticed Terence
  1312 | D:2      | Killed Terence
  1313 | D:2      | Reached XP level 5. HP: 33/33 MP: 5/5
  1421 | D:2      | Noticed Sigmund
  1571 | D:2      | Killed Sigmund
  1572 | D:2      | Reached XP level 6. HP: 27/39 MP: 6/6
  1701 | D:2      | Found a faded altar of an unknown god.
  1879 | D:3      | Found a faded altar of an unknown god.
  1879 | D:3      | Found a sparkling altar of Nemelex Xobeh.
  1887 | D:3      | Found a hide-covered altar of Uskayaw.
  1889 | D:3      | Found a faded altar of an unknown god.
  1891 | D:3      | Found a snail-covered altar of Cheibriados.
  2209 | D:3      | Found an iron altar of Okawaru.
  2214 | D:3      | Became a worshipper of Warmaster Okawaru
  2422 | D:3      | Found an ancient bone altar of Kikubaaqudgha.
  2599 | D:3      | Reached skill level 5 in Shields
  2814 | D:3      | Found a hazy altar of Hepliaklqana.
  3063 | D:4      | Reached skill level 5 in Fighting
  3165 | D:4      | Reached skill level 5 in Armour
  3165 | D:4      | Reached XP level 7. HP: 41/44 MP: 7/7
  3187 | D:4      | Found a burning altar of Makhleb.
  3192 | D:4      | Found a sand-covered staircase.
  3201 | D:4      | Found a white marble altar of Elyvilon.
  3244 | Ossuary  | Entered an ossuary
  4151 | D:4      | Found a basalt altar of Yredelemnul.
  4271 | D:5      | Entered Level 5 of the Dungeon
  4340 | D:5      | Reached * piety under Okawaru
  4341 | D:5      | Reached XP level 8. HP: 47/51 MP: 8/8
  4636 | D:5      | Noticed Prince Ribbit
  4654 | D:5      | Killed Prince Ribbit
  4655 | D:5      | Reached skill level 5 in Maces & Flails
  5139 | D:5      | Found Askequs's General Store.
  5220 | D:6      | Found a staircase to the Ecumenical Temple.
  5267 | D:6      | Reached ** piety under Okawaru
  5343 | D:6      | Noticed Edmund
  5575 | D:6      | Noticed Eustachio
  5610 | D:6      | Killed Eustachio
  5611 | D:6      | Reached XP level 9. HP: 52/56 MP: 9/9
  5654 | D:6      | Killed Edmund
  6174 | D:6      | Found a shimmering altar of Xom.
  6565 | D:7      | Noticed Pikel
  6585 | D:7      | Killed Pikel
  6585 | D:7      | Reached *** piety under Okawaru
  7305 | D:7      | Noticed a hornet
  7309 | D:7      | Killed a hornet
  7310 | D:7      | Reached XP level 10. HP: 55/64 MP: 10/10
  7634 | D:8      | Noticed Joseph
  7972 | D:8      | Found a staircase to the Lair.
  8043 | D:8      | Found a glowing golden altar of the Shining One.
  8062 | D:8      | Noticed Psyche
  8108 | D:8      | Killed Psyche
  8108 | D:8      | Reached **** piety under Okawaru
  8262 | D:8      | Noticed Gastronok
  8314 | D:8      | Slain by Gastronok

Illustrated notes

Levels and vault maps discovered:
D:1:      minmay_arrival_five_plusses, layout_basic, minmay_worlds_worst_comb
D:2:      layout_rooms, basic_altar, hellmonk_ecumenical_altar_leap_of_faith,
          uniq_sigmund, uniq_jessica, uniq_terence
D:3:      minmay_wonky_spiral, layout_loops_corners,
          worldfamousw_hep_ancestral_shrine,
          hellmonk_okawaru_the_only_friend_you_need, mainiacjoe_overflow_paths,
          chequers_temple_overflow_minitemple, grunt_ministairs_11
D:4:      layout_gridville, kennysheep_mini_moat,
          mainiacjoe_overflow_small_starburst, mainiacjoe_overflow_chevrons,
          nicolae_ossuary_entry_monument
D:5:      layout_basic, serial_shops, nicolae_lakefront_shop,
          uniq_prince_ribbit1
D:6:      wander_river, layout_loops_corners, marbit_many_paths,
          minmay_temple_entry_proselytizer, uniq_eustachio, uniq_edmund
D:7:      layout_loops_corners, uniq_pikel
D:8:      layout_loops_ring, tso_metal_star, lair_entry_dummy, serial_shops,
          nicolae_shop_bloodbath_and_beyond, nicolae_benzene_ring,
          grunt_ministairs_10, minmay_hollow_rounded_squares, uniq_gastronok,
          uniq_psyche, uniq_joseph

Skill      XL: |  1  2  3  4  5  6  7  8  9 |
---------------+----------------------------+-----
Fighting       | 4 5 6 8 |  8.7
Maces & Flails | 3 4 5 7 |  7.6
Armour         | 4 5 6 8 |  8.6
Shields        | 4 5 6 8 |  8.7

Action                     |  1- 3 |  4- 6 |  7- 9 | 10-12 || total
---------------------------+-------+-------+-------+-------++-------
  Melee: Flail             |   108 |   203 |   411 |    54 ||   776
         Unarmed           |       |       |       |     3 ||     3
  Throw: Dart              |       |     3 |    16 |     6 ||    25
    Use: Scroll            |       |    13 |    11 |     1 ||    25
 Armour: Scale mail        |    63 |    32 |       |       ||    95
         Chain mail        |       |   116 |   261 |    56 ||   433
         Skin              |       |       |       |     1 ||     1
  Dodge: Dodged            |    54 |   100 |   149 |    26 ||   329
  Block: Buckler           |    31 |    55 |    97 |    10 ||   193

Table legend: (Time is in decaauts)
 A = Elapsed time spent in this place.
 B = Non-inter-level travel time spent in this place.
 C = Inter-level travel time spent in this place.
 D = Time resting spent in this place.
 E = Time spent auto-exploring this place.
 F = Levels seen in this place.
 G = Mean time per level.
                   A        B        C        D        E       F      G
               +--------+--------+--------+--------+--------+-----+--------+
         Total |   8561 |   8337 |    224 |   1012 |   5135 |   9 |  951.2 |
       Dungeon |   8152 |   7928 |    224 |    917 |   4994 |   8 | 1019.0 |
       Ossuary |    409 |    409 |      0 |     95 |    141 |   1 |  409.0 |
               +--------+--------+--------+--------+--------+-----+--------+

Top non-repeatable levels by time:
     D:6: 1398 daAuts
     D:7: 1360 daAuts
     D:3: 1324 daAuts
     D:1: 1100 daAuts
     D:4: 993 daAuts
     D:5: 789 daAuts
     D:2: 689 daAuts
     D:8: 496 daAuts
 Ossuary: 409 daAuts
